 Dungeon Crawl Stone Soup version 0.17.0-23-g0de4337 (webtiles) character file.

141 McCoppin the Skirmisher (level 5, -3/85 HPs)
             Began as an Ogre Enchanter on Nov 14, 2015.
             Was an Initiate of Trog.
             Killed from afar by a white imp (9 damage)
             ... with a puff of frost
             ... summoned by Natasha
             ... on level 3 of the Dungeon on Nov 15, 2015.
             The game lasted 00:10:18 (3667 turns).

McCoppin the Skirmisher (Ogre Enchanter)            Turns: 3667, Time: 00:10:20

Health: -3/85      AC: 22    Str: 14      XL:     5   Next: 24%
Magic:  8/8        EV:  1    Int: 11 (14) God:    Trog [......]
Gold:   174        SH:  0    Dex: 10      Spells: 1 memorised, 7 levels left

rFire  . . .     SeeInvis .     g - +0 club
rCold  . . .     Clarity  .     (armour currently unavailable)
rNeg   + + +     SustAt   .     (no shield)
rPois  +         Gourm    .     (helmet currently unavailable)
rElec  .         Spirit   .     (cloak currently unavailable)
rCorr  .         Warding  .     (gloves unavailable)
rMut   .         NoTele   +     (boots unavailable)
MR     .....                    (no amulet)
Stlth  ++........               (no ring)
                                (no ring)

@: tree-form, very slightly contaminated, invisible (expiring), not resistant to
hostile enchantments, unstealthy
A: unfitting armour, (tough skin 0)
a: Burn Spellbooks, Renounce Religion


You were on level 3 of the Dungeon.
You worshipped Trog.
Trog was noncommittal.
You were not hungry.
You were a tree.
You visited 1 branch of the dungeon, and saw 3 of its levels.

You collected 174 gold pieces.

Inventory:

Hand Weapons
 a - a +1 dagger
 g - a +0 club (weapon)
Missiles
 e - 10 poisoned needles
 h - 4 needles of sleeping
 s - 27 stones (quivered)
Armour
 b - a +1 robe (melded)
Wands
 i - a wand of polymorph (0)
Scrolls
 n - a scroll of recharging
 p - a scroll of remove curse
 q - a scroll of identify
Comestibles
 c - 2 chunks of flesh
 d - 4 bread rations


   Skills:
 * Level 5.3 Fighting
 - Level 0.5 Short Blades
 + Level 3.0 Maces & Flails
 - Level 1.7 Dodging
 - Level 2.4 Stealth
 - Level 2.4 Spellcasting
 - Level 2.1 Hexes


You had 7 spell levels left.
You knew the following spells:

 Your Spells              Type           Power        Failure   Level  Hunger
a - Corona                Hex            #......      14%         1    ##.....


Dungeon Overview and Level Annotations

Branches:
Dungeon (3/15)

Altars:
Cheibriados
Gozag
Trog
Vehumet
Yredelemnul

Annotations:
D:3 Natasha


Innate Abilities, Weirdness & Mutations

You are too large for most types of armour.
((You have tough skin (AC +1).))


Message History

You barely miss the crimson imp.
The crimson imp hits you but does no damage. x2
Unknown command.
You miss the crimson imp.
The crimson imp disappears in a puff of smoke! x2
The white imp gestures at you. The puff of frost hits you!
You flicker for a moment.
You closely miss Natasha.
Natasha is severely wounded.
Natasha claws you but does no damage.
The white imp hits you but does no damage.
You barely miss Natasha.
Natasha is severely wounded.
Natasha hisses.
Natasha claws you.
* * * LOW HITPOINT WARNING * * *
The white imp gestures at you. The puff of frost hits you!
You die...

#.)_..#.#.._..#.
#.8)..#.#...8.#.
#########...'#.#'...##.
#.......#####...#####..
#........÷....⌠.)h.....
#.......#####...#####.#
#......##...'#.#'...##÷
#....h5#.8...#.#...8.#.
#.....♣#.._..#.#.._..#.
#......#.8.8.#.#.8.8.#.
#......##...##.##...##.
#.......#####...#####..
######### ##.#.......
#......... ##########


You could see Natasha and a white imp.

Vanquished Creatures
  Terence (D:3)
  Natasha (D:3)
  5 adders
  2 worms
  2 giant geckos (D:3)
  2 giant cockroaches
  6 hobgoblins
  A ball python (D:1)
  5 bats (D:1)
  4 giant newts
  4 goblins
  5 kobolds
  A quokka (D:2)
  7 rats
  A spectral orc (D:2)
47 creatures vanquished.

Notes
Turn   | Place    | Note
--------------------------------------------------------------
     0 | D:1      | McCoppin the Ogre Enchanter began the quest for the Orb.
     0 | D:1      | Reached XP level 1. HP: 16/16 MP: 3/3
    65 | D:1      | Reached skill level 1 in Fighting
   556 | D:1      | Reached skill level 1 in Maces & Flails
   556 | D:1      | Reached XP level 2. HP: 23/28 MP: 5/5
  1415 | D:2      | Reached skill level 3 in Fighting
  1415 | D:2      | Reached XP level 3. HP: 34/37 MP: 6/6
  2249 | D:2      | Reached skill level 4 in Fighting
  2249 | D:2      | Reached XP level 4. HP: 34/48 MP: 7/7
  2419 | D:2      | Found a basalt altar of Yredelemnul.
  2594 | D:3      | Noticed Terence
  2624 | D:3      | Killed Terence
  3036 | D:3      | Found a bloodstained altar of Trog.
  3041 | D:3      | Found an opulent altar of Gozag.
  3044 | D:3      | Found a snail-covered altar of Cheibriados.
  3395 | D:3      | Found a radiant altar of Vehumet.
  3412 | D:3      | Became a worshipper of Trog the Wrathful
  3423 | D:3      | Noticed Natasha
  3448 | D:3      | Killed Natasha
  3448 | D:3      | Reached skill level 5 in Fighting
  3448 | D:3      | Reached XP level 5. HP: 23/57 MP: 8/8
  3490 | D:3      | Noticed Natasha
  3667 | D:3      | Killed from afar by a white imp

Action                   |  1- 3 |  4- 6 || total
-------------------------+-------+-------++-------
Melee: Dagger            |    55 |       ||    55
       Club              |   122 |   155 ||   277
       Unarmed           |       |     8 ||     8
Throw: Tomahawk          |     1 |     3 ||     4
       Stone             |       |    13 ||    13
Invok: Burn Spellbooks   |       |     1 ||     1
  Use: Scroll            |     2 |     5 ||     7
       Potion            |       |    10 ||    10
 Stab: Sleeping          |     4 |       ||     4
       Invisible         |       |     1 ||     1
  Eat: Chunk             |     4 |     5 ||     9
